 Dungeon Crawl Stone Soup version 0.30-a0-651-g0755cc6dcf (webtiles) character file.

Game seed: 14236526311447444730

805 Oxelix the Firebug (level 7, -3/36 HPs)
             Began as a Deep Elf Fire Elementalist on Jan 17, 2023.
             Slain by a gnoll
             ... wielding a +0 whip
              (5 damage)
             ... on level 5 of the Dungeon.
             The game lasted 00:11:28 (4775 turns).

Oxelix the Firebug (Deep Elf Fire Elementalist)     Turns: 4775, Time: 00:11:29

Health: -3/36      AC:  2    Str:  5    XL:     7   Next: 60%
Magic:  12/18      EV: 12    Int: 22    God:
Gold:   294        SH:  5    Dex: 15    Spells: 16/19 levels left

rFire   . . .      SeeInvis .    d - +0 short sword
rCold   . . .      Faith    .    (no shield)
rNeg    . . .      Spirit   .    a - +0 robe
rPois   .          Reflect  +    (no helmet)
rElec   .          Harm     .    (no cloak)
rCorr   .          Rampage  .    (no gloves)
Will    +....                    (no boots)
Stlth   ++                       k - amulet of reflection
HPRegen 0.26/turn                n - ring of willpower
MPRegen 0.16/turn                (no ring)

@: no status effects
A: no striking features
a: no special abilities


You were on level 5 of the Dungeon.
You visited 1 branch of the dungeon, and saw 5 of its levels.

You collected 294 gold pieces.

Inventory:

Hand Weapons
 d - a +0 short sword (weapon)
Missiles
 j - 6 poisoned darts
Armour
 a - a +0 robe (worn)
Magical Staves
 s - a staff of earth
 t - a staff of poison
Jewellery
 k - an amulet of reflection (around neck)
 n - a ring of willpower (left hand)
Wands
 p - a wand of iceblast (9)
Scrolls
 c - 3 scrolls of enchant weapon {unknown}
 g - 4 scrolls of identify {unknown}
 h - a scroll of teleportation {unknown}
 i - 4 scrolls of blinking {unknown}
 q - a scroll of immolation {unknown}
 r - a scroll of fog {unknown}
 u - a scroll of magic mapping {unknown}
 v - a scroll of poison {unknown}
Potions
 b - 2 potions of magic
 e - a potion of mutation {unknown}
 f - 3 potions of curing {unknown}
 l - a potion of flight {unknown}
 m - a potion of heal wounds {unknown}
 o - a potion of attraction {unknown}


   Skills:
 - Level 2.4 Dodging
 - Level 2.4 Stealth
 + Level 6.6 Spellcasting
 - Level 4.0 Conjurations
 * Level 7.6 Fire Magic


You had 16 spell levels left.
You knew the following spells:

 Your Spells              Type           Power      Damage    Failure   Level
a - Foxfire               Conj/Fire      100%       2x1d9     1%          1
b - Scorch                Fire           82%        2d9       1%          2

Your spell library contained the following spells:

 Spells                   Type           Power      Damage    Failure   Level
 Inner Flame              Hex/Fire       24%        N/A       5%          3
 Flame Wave               Conj/Fire      32%        2d9       8%          4
 Kindle Blastsparks       Fire/Tloc/Air  36%        2d13      9%          3
 Ensorcelled Hibernation  Hex/Ice        14%        N/A       13%         2
 Passwall                 Tmut/Erth      5%         N/A       13%         2
 Call Canine Familiar     Summ           7%         N/A       26%         3
 Portal Projectile        Hex/Tloc       14%        N/A       26%         3
 Swiftness                Air            7%         N/A       26%         3
 Leda's Liquefaction      Hex/Erth       3%         N/A       65%         4


Dungeon Overview and Level Annotations

Branches:
Dungeon (5/15)
 Temple: D:4-7

Altars:
Hepliaklqana

Annotations:
D:5 2 transporters, fly's ghost, weakling DgDe


Message History

a +0 dagger; a +0 robe You now have 275 gold pieces (gained 9).
You open the door.
There is an open door here.
You now have 294 gold pieces (gained 19).
You open the door. 4 gnolls come into view.
The gnoll shouts! x3
Casting: Scorch (safe; 1% risk of failure)
Confirm with . or Enter, or press ? or * to list all spells.
Flames lash the gnoll.
The gnoll is severely wounded.
The gnoll's fire resistance burns away.
The gnoll misses you.
Casting: Scorch (safe; 1% risk of failure)
Confirm with . or Enter, or press ? or * to list all spells.
Flames lash the gnoll.
The gnoll is lightly wounded.
The gnoll's fire resistance burns away.
The gnoll hits you but does no damage.
The gnoll hits you from afar with a +0 halberd!
Casting: Scorch (safe; 1% risk of failure)
Confirm with . or Enter, or press ? or * to list all spells.
Flames lash the gnoll.
You kill the gnoll!
You block the gnoll's attack. The gnoll barely misses you.
The gnoll closely misses you.
The gnoll is no longer more vulnerable to fire.
The gnoll attacks as you move away! The gnoll hits you with a +0 whip.
The gnoll is no longer more vulnerable to fire.
Casting: Scorch (safe; 1% risk of failure)
Confirm with . or Enter, or press ? or * to list all spells.
You conjure some foxfire!
The gnoll hits you with a +0 whip.
The gnoll hits you from afar with a +0 halberd!
* * * LOW HITPOINT WARNING * * *
The gnoll hits you with a +0 whip.
* * * LOW HITPOINT WARNING * * *
Your foxfire dissipates!
The foxfire hits the gnoll.
You kill the gnoll!
The gnoll attacks as you move away! The gnoll hits you with a +0 whip.
You die...

#...# ..) #'## ##..#
#...# #####).#....#
#..##g.#....#
#....g.#....#######
#....@.#....#..>..####
#......#....#.........
#####..#....#.........
....#..#....#.........
....##'#....#.........
.............#.........
.............#.........
.............#.....##..
######...#####.....##..


You could see 2 gnolls.

Vanquished Creatures
  Grinder (D:3)
  The ghost of chipmonk the Conjurer, an amateur DECj of Vehumet (D:4)
  2 jellies (D:5)
  A gnoll bouda (D:4)
  2 orc priests
  4 iguanas
  2 orc wizards
  6 gnolls
  6 adders
  A white imp (D:5)
  3 dart slugs
  11 orcs
  5 bats
  9 endoplasms
  5 goblins
  11 hobgoblins
  20 jackals
  2 quokkas
  4 ball pythons
  A frilled lizard (D:2)
  9 kobolds
  A rat (D:1)
107 creatures vanquished.

Vanquished Creatures (others)
  321 foxfires
321 creatures vanquished.

Grand Total: 428 creatures vanquished

Notes
Turn   | Place    | Note
-------+----------+-------------------------------------------
     0 | D:1      | Oxelix the Deep Elf Fire Elementalist began the quest for
                  | the Orb.
     0 | D:1      | Reached XP level 1. HP: 10/10 MP: 6/6
   122 | D:1      | Found a faded altar of an unknown god.
   292 | D:1      | Reached XP level 2. HP: 15/15 MP: 5/8
   689 | D:1      | Reached skill level 4 in Fire Magic
   779 | D:1      | Reached XP level 3. HP: 19/19 MP: 6/10
  1444 | D:2      | Found a hazy altar of Hepliaklqana.
  1915 | D:2      | Learned a level 2 spell: Scorch
  1972 | D:2      | Reached XP level 4. HP: 24/24 MP: 6/11
  2015 | D:3      | HP: 1/24 [gnoll/+0 halberd (14)]
  2208 | D:3      | Noticed Grinder
  2216 | D:3      | Killed Grinder
  2217 | D:3      | Reached skill level 5 in Fire Magic
  2217 | D:3      | Reached XP level 5. HP: 28/28 MP: 4/14
  2217 | D:3      | Reached XP level 6. HP: 32/32 MP: 4/15
  2372 | D:3      | Reached skill level 5 in Spellcasting
  2674 | D:3      | Reached skill level 6 in Fire Magic
  3114 | D:4      | Found a runed translucent door.
  3114 | D:4      | Noticed chipmonk's ghost (amateur DECj)
  4114 | D:4      | Killed chipmonk's ghost
  4115 | D:4      | Reached XP level 7. HP: 26/36 MP: 12/17
  4172 | D:5      | Entered Level 5 of the Dungeon
  4400 | D:5      | Reached skill level 7 in Fire Magic
  4416 | D:5      | Found a transporter.
  4467 | D:5      | Noticed fly's ghost (weakling DgDe)
  4475 | D:5      | Found a transporter.
  4772 | D:5      | HP: 1/36 [gnoll/+0 whip (5)]
  4775 | D:5      | Slain by a gnoll

Illustrated notes

Levels and vault maps discovered:
D:1:      minmay_arrival_radiant_lines, layout_basic,
          ebering_ecumenical_altar_box, kennysheep_crisscross,
          hangedman_feature_mirror, ebering_dispersal_statue_hall,
          roderic_roman_lattice
D:2:      layout_loops_ring, basic_altar
D:3:      layout_loops_ring, grunt_ministairs_3,
          corexii_item_surrounded_by_moat, uniq_grinder
D:4:      cheibrodos_helix_gallery, layout_basic, gammafunk_ghost_grave,
          st_stairs_12, kennysheep_cross_bottleneck
D:5:      layout_gridville, serial_shops, nicolae_shop_stone,
          gammafunk_ghost_mausoleum

Skill      XL: |  1  2  3  4  5  6  7 |
---------------+----------------------+-----
Fire Magic     | 4 5 6 7 |  7.6
Conjurations   | 2 3 4 |  4.0
Spellcasting   | 4 5 6 |  6.6
Dodging        | |  2.4
Stealth        | |  2.4

Action                   |  1- 3 |  4- 6 |  7- 9 || total
-------------------------+-------+-------+-------++-------
Melee: Short sword       |    11 |    12 |       ||    23
       Punch             |       |     1 |       ||     1
 Cast: Foxfire           |    89 |    73 |    36 ||   198
       Scorch            |     4 |    16 |    10 ||    30
 Stab: Sleeping          |     2 |     1 |       ||     3
Armor: Robe              |     1 |     6 |     1 ||     8
Dodge: Dodged            |    16 |    22 |     8 ||    46
Block: Other             |       |    11 |     2 ||    13

Table legend: (Time is in decaauts)
 A = Elapsed time spent in this place.
 B = Non-inter-level travel time spent in this place.
 C = Inter-level travel time spent in this place.
 D = Time resting spent in this place.
 E = Time spent auto-exploring this place.
 F = Levels seen in this place.
 G = Mean time per level.
                   A        B        C        D        E       F      G
               +--------+--------+--------+--------+--------+-----+--------+
         Total |   4778 |   4708 |     70 |   1024 |   2908 |   5 |  955.6 |
       Dungeon |   4778 |   4708 |     70 |   1024 |   2908 |   5 |  955.6 |
               +--------+--------+--------+--------+--------+-----+--------+

Top non-repeatable levels by time:
     D:3: 1099 daAuts
     D:1: 1073 daAuts
     D:2: 1027 daAuts
     D:4: 976 daAuts
     D:5: 602 daAuts
